 Dungeon Crawl Stone Soup version 0.14.1-21-g36cd379 (webtiles) character file.

2924 Kae the Arsonist (level 9, -3/51 HPs)
             Began as an Octopode Fire Elementalist on June 6, 2014.
             Slain by a wight
             ... wielding a cursed +2,+3 morningstar
              (13 damage)
             ... on Level 7 of the Dungeon.
             The game lasted 00:15:17 (9696 turns).

Kae the Arsonist (Octopode Fire Elementalist)       Turns: 9696, Time: 00:15:17

HP  -3/51        AC  1     Str  8      XL: 9   Next: 59%
MP   4/21        EV 12     Int 20      God:
Gold 326         SH  0     Dex 12      Spells:  5 memorised,  3 levels left

rFire  . . .     SeeInvis .     k - +2 spear (venom) (curse)
rCold  . . .     Clarity  .     (no shield)
rNeg   . . .     Conserve .     (helmet restricted)
rPois  .         rCorr    .     (no amulet)
rElec  .         rRot     .     (no ring)
SustAb . .       Spirit   .     (no ring)
rMut   .         Warding  .     (no ring)
Saprov . . .     Stasis   .     (no ring)
MR     .....                    (no ring)
                                (no ring)
                                (no ring)
                                (no ring)

@: drained, not resistant to hostile enchantments, stealthy
A: almost no armour, amphibious, 8 rings, constrict 8, camouflage 1, gelatinous
body 1
a: no special abilities


You were on level 7 of the Dungeon.
You were not hungry.

You visited 1 branch of the dungeon, and saw 7 of its levels.

You collected 326 gold pieces.

Inventory:

Hand weapons
 k - a cursed +2,+2 spear of venom (weapon)
Missiles
 m - 6 tomahawks (quivered)
Magical devices
 e - a wand of confusion (0)
 y - a wand of teleportation (4) {unknown}
Comestibles
 c - 7 bread rations
 w - an apple
Scrolls
 a - a scroll of enchant weapon III {unknown}
 d - 4 scrolls of identify
 g - 2 scrolls of fear
 j - 4 scrolls of teleportation
 l - a scroll of amnesia
 n - 2 scrolls of recharging {unknown}
 o - 2 scrolls of blinking
 p - a scroll of enchant weapon II {unknown}
 q - 3 scrolls of fog {unknown}
 u - a scroll of immolation {unknown}
 z - 3 scrolls of remove curse
 A - a scroll of acquirement {unknown}
 B - a scroll of magic mapping {unknown}
Potions
 h - 3 potions of curing
 i - 4 potions of restore abilities
 r - a potion of berserk rage
 s - 2 potions of agility {unknown}
 t - a potion of mutation
 x - 2 potions of haste {unknown}
Books
 b - a book of Flames

   Spells                             Type                      Level
   *Flame Tongue                      Conjuration/Fire             1
   *Throw Flame                       Conjuration/Fire             2
   *Conjure Flame                     Conjuration/Fire             3
   Inner Flame                        Hexes/Fire                   3
   *Sticky Flame                      Conjuration/Fire             4
   *Fireball                          Conjuration/Fire             5


   Skills:
 - Level 2.0(1.6) Dodging
 - Level 2.6(2.2) Stealth
 + Level 5.3(4.9) Spellcasting
 * Level 8.0(7.5) Conjurations
 * Level 8.9(8.4) Fire Magic


You had 3 spell levels left.
You knew the following spells:

 Your Spells              Type           Power        Failure   Level  Hunger
a - Flame Tongue          Conj/Fire      #####        1%          1    None
b - Throw Flame           Conj/Fire      #####.       1%          2    None
c - Conjure Flame         Conj/Fire      #####...     1%          3    ###....
d - Sticky Flame          Conj/Fire      #####...     6%          4    ####...
e - Fireball              Conj/Fire      #####.....   14%         5    #####..


Dungeon Overview and Level Annotations

Branches:
Dungeon (7/15)
 Temple: D:4-7

Altars:
Elyvilon
Fedhas
Kikubaaqudgha
Nemelex Xobeh
Sif Muna
Trog
The Shining One

Shops:
D:5 (*


Innate Abilities, Weirdness & Mutations

You cannot wear most types of armour.
You are amphibious.
You can wear up to eight rings at the same time.
You can use your tentacles to constrict many enemies at once.
Your skin changes colour to match your surroundings (Stlth).
Your rubbery body absorbs attacks (AC +1).


Message History

The wight hits you but does no damage.
Casting: Flame Tongue
Confirm with . or Enter, or press ? or * to list all spells.
Aiming: Flame Tongue
Press: ? - help, Shift-Dir - straight line, f/p - wight
Aim: a wight, wielding a morningstar and wearing a robe (almost destroyed)
The flame tongue hits the wight.
The wight appears unharmed.
The wight is almost destroyed.
The wight hits you with a morningstar!
* * * LOW HITPOINT WARNING * * *
Unknown command.
Casting: Flame Tongue
Confirm with . or Enter, or press ? or * to list all spells.
Aiming: Flame Tongue
Press: ? - help, Shift-Dir - straight line, f/p - wight
Aim: a wight, wielding a morningstar and wearing a robe (almost destroyed)
The flame tongue hits the wight.
The wight appears unharmed.
The wight is almost destroyed.
The wight hits you with a morningstar!
You die...

.# #.## ####...# ..#...# #
# ..#######.#...#.# .
......zz@.......#
.########...%...#.#
#)......... #.###..[...
#################.######..
..........................
.........................
..#...#####.[.###.#######
..#...# #...# #...


You could see 2 wights.

Vanquished Creatures
  Prince Ribbit (D:7)
  The ghost of Protee the Chiller, an average MfIE (D:4)
  Menkaure (D:4)
  An orc warrior (D:6)
  An ice beast (D:6)
  2 ogres
  2 phantoms
  3 centaurs
  Blork the orc (D:4)
  A scorpion (D:6)
  10 wights
  2 orc priests
  4 worker ants
  2 hounds (D:4)
  2 jellies (D:7)
  3 orc wizards
  A gnoll shaman (D:4)
  A killer bee zombie (D:6)
  Terence (D:2)
  16 adders
  6 gnolls
  An orc skeleton (D:6)
  A shadow imp (D:6)
  6 worms
  An inept feature mimic (D:4)
  A giant eyeball (D:6)
  5 giant geckos
  An ooze (D:2)
  14 orcs
  12 bats
  6 giant cockroaches
  6 goblins
  7 hobgoblins
  5 jackals
  4 quokkas
  7 ball pythons
  4 giant newts
  A goblin skeleton (D:3)
  10 kobolds
  A kobold skeleton (D:4)
  11 rats
166 creatures vanquished.

Notes
Turn   | Place    | Note
--------------------------------------------------------------
     0 | D:1      | Kae, the Octopode Fire Elementalist, began the quest for the Orb.
     0 | D:1      | Reached XP level 1. HP: 11/11 MP: 3/3
   385 | D:1      | Reached XP level 2. HP: 13/17 MP: 4/4
   414 | D:1      | Found a glowing golden altar of the Shining One.
   971 | D:2      | Noticed Terence
   979 | D:2      | Killed Terence
   979 | D:2      | Reached XP level 3. HP: 9/21 MP: 4/6
  1411 | D:2      | Reached XP level 4. HP: 25/27 MP: 8/8
  1524 | D:2      | Reached skill level 4 in Fire Magic
  1788 | D:2      | Reached XP level 5. HP: 20/31 MP: 9/9
  2729 | D:3      | Reached XP level 6. HP: 36/36 MP: 11/11
  2734 | D:3      | Reached skill level 5 in Fire Magic
  3180 | D:3      | Found a deep blue altar of Sif Muna.
  3383 | D:4      | Noticed Protee's ghost (average MfIE)
  4029 | D:4      | Learned a level 2 spell: Throw Flame
  4033 | D:4      | Learned a level 3 spell: Conjure Flame
  4038 | D:4      | Learned a level 4 spell: Sticky Flame
  4559 | D:4      | Reached XP level 7. HP: 41/41 MP: 9/15
  4560 | D:4      | Noticed Blork the orc
  4611 | D:4      | Killed Protee's ghost
  4611 | D:4      | Reached skill level 6 in Fire Magic
  4852 | D:4      | Noticed Menkaure
  4858 | D:4      | Killed Menkaure
  4858 | D:4      | Reached skill level 5 in Conjurations
  5428 | D:4      | Killed Blork the orc
  5428 | D:4      | Reached XP level 8. HP: 29/46 MP: 7/17
  5647 | D:5      | Entered Level 5 of the Dungeon
  6194 | D:5      | Found Bakog's Weapon Emporium.
  6356 | D:5      | Found Liewin's Serpentskin Sales.
  6484 | D:5      | Reached skill level 7 in Fire Magic
  7708 | D:6      | Found a sparkling altar of Nemelex Xobeh.
  7709 | D:6      | Found an ancient bone altar of Kikubaaqudgha.
  7942 | D:6      | Found a white marble altar of Elyvilon.
  8201 | D:6      | Reached XP level 9. HP: 4/51 MP: 11/20
  8294 | D:6      | Reached skill level 8 in Fire Magic
  8664 | D:6      | Found a bloodstained altar of Trog.
  8716 | D:6      | Found a glowing golden altar of the Shining One.
  8772 | D:6      | Found a blossoming altar of Fedhas.
  8891 | D:6      | Reached skill level 5 in Spellcasting
  9285 | D:7      | Noticed Prince Ribbit
  9293 | D:7      | Learned a level 5 spell: Fireball
  9303 | D:7      | Killed Prince Ribbit
  9696 | D:7      | Slain by a wight

Action                   |  1- 3 |  4- 6 |  7- 9 || total
-------------------------+-------+-------+-------++-------
Melee: Unarmed           |    19 |       |       ||    19
       Spear             |    40 |   164 |   113 ||   317
 Cast: Flame Tongue      |     8 |    14 |   157 ||   179
       Throw Flame       |       |     9 |    21 ||    30
       Conjure Flame     |       |     2 |    13 ||    15
  Use: Scroll            |       |    11 |     1 ||    12
       Potion            |       |     1 |     4 ||     5
 Stab: Sleeping          |     5 |    17 |    13 ||    35
